Map: Dreamcatcher LE

Players

DnS - Winner!

  • Race: Protoss Protoss
  • Spawn Location: 11:00

Harstem

  • Race: Protoss Protoss
  • Spawn Location: 5:00

Event: WCS Valencia 2018

VOD

Have the link to the VOD?

Description

Time

  • Played on: July 12, 2018, 9:24 a.m.
  • Length: 15:04

All games in this series

Show
View Real Time Build Order
Export as new Build Order

DnS Protoss - Winner!

Build Orders: Oracle Opening, Chargelot Immortal, Zealot Archon 

Get SALT Encoding   

  12  0:00  Probe  
  13  0:12  Probe  
  14  0:17  Pylon  
  14  0:24  Probe  
  15  0:32  Probe  
  15  0:38  Gateway  
  15  0:40  Probe  
  16  0:46  Assimilator  
  17  0:50  Probe  
  17  0:54  Assimilator  
  18  0:58  Probe  
  19  1:07  Probe  
  20  1:13  Gateway  
  20  1:17  Probe  
  20  1:25  Cybernetics Core  
  21  1:29  Probe  
  22  1:35  Pylon  
  22  1:41  Probe  
  23  1:53  Probe  
  24  2:01  Stalker x2  
  28  2:03  Warp Gate  
  28  2:18  Stargate, Probe  
  30  2:42  Nexus  
  29  2:44  Probe  
  30  2:56  Pylon  
  30  2:58  Probe  
  31  3:03  Oracle  
  30  3:10  Probe  
  34  3:22  Probe  
  36  3:34  Probe  
  36  3:36  Robotics Facility, Oracle  
  39  3:49  Pylon  
  39  3:51  Probe  
  39  3:53  Probe  
  41  3:59  Probe  
  41  4:05  Probe  
  41  4:09  Probe  
  43  4:12  Forge  
  43  4:13  Probe  
  44  4:17  Sentry x2  
  44  4:21  Pylon, Probe x2  
  50  4:25  Observer  
  50  4:31  Assimilator x2  
  52  4:32  Probe  
  52  4:34  Probe  
  52  4:36  Protoss Ground Weapons Level 1  
  54  4:44  Probe  
  55  4:46  Probe  
  55  4:48  Immortal  
  56  4:56  Probe  
  56  4:58  Probe  
  62  5:02  Pylon  
  62  5:08  Probe  
  62  5:12  Phoenix  
  65  5:16  Photon Cannon  
  65  5:17  Probe  
  66  5:23  Gateway  
  66  5:24  Gateway  
  66  5:29  Immortal  
  70  5:39  Twilight Council  
  70  5:43  Gateway x2  
  70  5:49  Pylon  
  70  5:59  Immortal  
  70  6:11  Nexus  
  74  6:14  Pylon  
  74  6:16  Charge  
  74  6:20  Templar Archives  
  73  6:26  Protoss Ground Weapons Level 2  
  73  6:28  Pylon  
  73  6:39  Zealot x4  
  81  6:41  Pylon  
  81  6:49  Warp Prism  
  83  6:57  Gateway  
  83  6:59  Gateway  
  83  7:01  High Templar x2  
  85  7:05  Archon  
  85  7:07  Zealot  
  89  7:08  Zealot  
  91  7:22  Zealot x2  
  95  7:24  Probe x3  
  96  7:38  Zealot  
  96  7:39  Zealot x3  
  104  7:48  Pylon  
  102  7:55  Probe x3  
  105  8:01  Stargate  
  105  8:02  Stargate  
  105  8:04  Immortal  
  109  8:07  Probe x3  
  109  8:10  Pylon  
  112  8:14  Dark Shrine  
  112  8:19  Probe x3  
  108  8:38  Protoss Ground Weapons Level 3  
  108  8:39  Phoenix x2  
  105  8:41  Probe  
  105  8:44  Observer  
  111  8:50  Probe  
  111  8:52  Assimilator  
  111  8:53  Assimilator  
  111  8:54  Probe  
  113  9:00  Probe  
  113  9:01  Pylon  
  113  9:02  Photon Cannon, Probe  
  115  9:10  Zealot x6  
  123  9:22  Pylon, Phoenix  
  123  9:23  Pylon  
  125  9:26  Probe x2  
  125  9:27  Pylon  
  125  9:29  Dark Templar  
  129  9:32  Dark Templar  
  131  9:41  Phoenix  
  131  9:42  Phoenix  
  131  9:49  Immortal  
  139  9:56  Protoss Air Weapons Level 1  
  137  10:00  Phoenix  
  137  10:02  Phoenix  
  137  10:05  Probe x2  
  141  10:08  Pylon  
  141  10:11  High Templar x2  
  145  10:15  Nexus  
  145  10:17  Archon  
  145  10:21  High Templar x2  
  145  10:23  Probe x3  
  145  10:25  Archon  
  152  10:35  Fleet Beacon  
  152  10:36  Immortal  
  152  10:37  Assimilator  
  152  10:41  Probe x3  
  152  10:42  Assimilator  
  156  10:52  Mothership  
  156  11:03  Gateway, Protoss Shields Level 1  
  156  11:04  Gateway  
  156  11:08  Pylon x2  
  152  11:21  Observer  
  161  11:33  Dark Templar  
  161  11:34  Zealot, Dark Templar x2  
  161  11:39  Phoenix  
  169  11:56  Zealot x5  
  175  12:05  Zealot x2  
  171  12:13  Zealot x3  
  169  12:20  Phoenix x2  
  159  12:27  High Templar x2  
  159  12:28  High Templar x4  
  159  12:29  Immortal  
  167  12:32  Archon x3  
  171  12:44  Photon Cannon  
  171  12:46  Pylon  
  171  12:52  Zealot, High Templar x2  
  171  12:53  Zealot  
  171  12:54  Tempest x2  
  171  12:58  Gateway  
  179  13:00  Gateway x2  
  179  13:01  Gateway  
  191  13:12  Archon  
  191  13:13  Immortal  
  191  13:19  Photon Cannon  
  191  13:22  Shield Battery  
  191  13:25  Photon Cannon  
  191  13:27  Photon Cannon  
  190  13:45  Tempest  
  190  13:48  Dark Templar x2  
  196  14:04  Zealot x2  
  196  14:07  Photon Cannon  
  196  14:09  Photon Cannon  
  200  14:24  Shield Battery  
  196  14:36  Dark Templar x2  
  196  14:47  Nexus  
  194  14:58  Zealot x9  
  194  14:59  Zealot x3  
Show
View Real Time Build Order
Export as new Build Order

Harstem Protoss 

Build Orders: Nexus First, Dark Templar Rush 

Get SALT Encoding   

  12  0:01  Probe  
  13  0:13  Probe  
  14  0:19  Pylon  
  14  0:25  Probe  
  15  0:34  Probe  
  15  0:42  Probe  
  17  0:59  Nexus  
  17  1:09  Gateway  
  17  1:10  Probe  
  17  1:18  Probe  
  18  1:24  Assimilator  
  19  1:27  Probe  
  19  1:30  Assimilator  
  20  1:39  Probe  
  21  1:44  Gateway  
  21  1:51  Probe  
  22  2:00  Cybernetics Core  
  22  2:03  Probe  
  23  2:14  Probe  
  24  2:15  Probe  
  24  2:22  Pylon  
  25  2:26  Stalker x2, Probe  
  25  2:27  Probe  
  27  2:35  Warp Gate  
  31  2:39  Probe  
  31  2:53  Twilight Council  
  32  2:59  Shield Battery  
  32  3:03  Stalker  
  32  3:05  Probe  
  34  3:08  Probe  
  35  3:16  Pylon  
  35  3:17  Probe  
  36  3:23  Probe  
  37  3:34  Dark Shrine  
  37  3:37  Shield Battery  
  37  3:42  Shield Battery  
  37  3:47  Probe  
  38  3:49  Stalker  
  38  3:53  Pylon  
  38  3:55  Pylon  
  40  3:57  Probe  
  40  4:03  Probe  
  38  4:11  Probe x2  
  38  4:15  Gateway  
  40  4:22  Probe  
  40  4:24  Probe  
  42  4:34  Probe  
  42  4:36  Probe  
  43  4:46  Dark Templar x2, Probe  
  43  4:47  Pylon  
  43  4:48  Probe  
  48  4:54  Blink  
  48  4:58  Probe  
  47  5:00  Probe  
  48  5:10  Probe  
  48  5:12  Probe  
  48  5:16  Stalker  
  50  5:22  Probe  
  50  5:24  Pylon, Probe, Stalker  
  54  5:32  Forge  
  54  5:34  Probe  
  55  5:36  Probe  
  55  5:37  Stalker  
  55  5:42  Assimilator  
  58  5:46  Probe  
  58  5:48  Probe  
  60  5:50  Pylon  
  60  5:58  Probe  
  60  6:00  Probe  
  60  6:02  Stalker x3  
  68  6:07  Protoss Ground Weapons Level 1  
  68  6:10  Probe  
  69  6:12  Assimilator  
  69  6:16  Pylon  
  69  6:19  Probe  
  69  6:21  Nexus  
  70  6:33  Pylon  
  70  6:38  Probe  
  69  6:41  Stalker  
  69  6:42  Robotics Facility, Stalker  
  69  6:45  Probe  
  74  6:50  Probe  
  74  6:51  Pylon  
  74  6:53  Stalker  
  77  6:58  Pylon, Probe  
  78  7:02  Probe  
  78  7:06  Sentry  
  81  7:09  Pylon  
  81  7:10  Probe  
  81  7:13  Probe  
  79  7:21  Probe  
  79  7:22  Probe  
  79  7:26  Observer  
  80  7:30  Robotics Facility, Robotics Bay  
  80  7:32  Probe  
  82  7:37  Stalker  
  82  7:39  Stalker  
  86  7:48  Probe  
  85  7:51  Probe  
  85  7:55  Probe  
  85  8:00  Probe  
  85  8:01  Stalker  
  85  8:04  Gateway  
  85  8:05  Gateway, Probe  
  89  8:07  Gateway, Disruptor, Probe  
  89  8:11  Gateway  
  89  8:12  Pylon, Probe  
  91  8:13  Twilight Council  
  91  8:15  Pylon  
  91  8:17  Probe  
  95  8:23  Probe  
  95  8:25  Disruptor  
  97  8:30  Stalker x2  
  97  8:31  Probe  
  92  8:35  Probe  
  92  8:36  Probe  
  92  8:39  Probe  
  88  8:44  Protoss Ground Weapons Level 2, Probe  
  88  8:48  Probe  
  90  8:49  Probe  
  90  8:50  Assimilator  
  90  8:53  Probe  
  90  8:55  Assimilator  
  92  8:57  Shield Battery  
  92  9:00  Probe  
  92  9:01  Probe  
  95  9:04  Colossus  
  95  9:06  Probe  
  102  9:12  Probe  
  102  9:13  Probe  
  104  9:18  Probe  
  104  9:21  Charge  
  104  9:22  Colossus  
  99  9:25  Stalker x2, Probe x2  
  99  9:26  Pylon  
  106  9:35  Zealot x2  
  115  9:48  Probe  
  111  9:55  Zealot  
  111  9:59  Probe  
  112  10:01  Colossus, Probe  
  112  10:04  Photon Cannon x2  
  112  10:05  Probe  
  115  10:09  Probe  
  115  10:11  Observer, Probe  
  115  10:14  Colossus  
  114  10:17  Probe x2  
  114  10:20  Templar Archives  
  117  10:28  Zealot  
  125  10:45  Photon Cannon, Zealot x4  
  125  10:47  Pylon  
  133  10:56  Colossus  
  133  10:57  Pylon  
  133  10:58  High Templar x2  
  143  11:04  Archon  
  143  11:07  Probe  
  143  11:08  Probe  
  143  11:09  Pylon, Probe  
  138  11:19  Probe  
  138  11:20  Probe  
  138  11:21  Probe  
  138  11:24  Zealot x2, High Templar x2  
  149  11:27  Shield Battery  
  149  11:29  Archon  
  149  11:30  Shield Battery  
  149  11:31  Protoss Ground Weapons Level 3  
  149  11:39  Stalker x2  
  153  11:43  Probe  
  153  11:51  Pylon  
  153  11:55  Zealot x2  
  155  12:03  Zealot x2, Stalker  
  155  12:07  Zealot  
  150  12:12  Probe  
  150  12:15  Photon Cannon  
  145  12:16  Stalker x2  
  141  12:23  Probe  
  141  12:32  Colossus  
  146  12:38  Pylon  
  146  12:41  High Templar x2  
  146  12:42  High Templar x2  
  154  12:46  Archon x2  
  155  12:58  Observer  
  155  13:02  Nexus  
  155  13:07  High Templar x2  
  155  13:08  Photon Cannon  
  155  13:10  Warp Prism  
  159  13:15  Archon  
  159  13:19  High Templar x2  
  165  13:22  Pylon  
  165  13:24  Archon  
  165  13:26  Pylon  
  165  13:28  Pylon  
  165  13:32  Photon Cannon  
  165  13:41  Probe  
  165  13:43  Gateway  
  165  13:44  Zealot x2, High Templar x2  
  165  13:46  Gateway  
  174  13:58  Observer  
  174  14:01  Archon  
  174  14:03  Colossus  
  171  14:19  Zealot x2, High Templar x2  
  171  14:20  Zealot x2  
  180  14:25  Archon  
  180  14:29  Probe x2  
  186  14:45  Zealot x4  
  189  14:58  Zealot x2  
Tags
 
Add a new tag
Caveats
  • Supply blocks, unpowered buildings, or Contaminate may cause inaccurate times.
  • Supply counts are checked every 10 seconds.